 Dungeon Crawl Stone Soup version bcrawl-1.12-11-gb93c957c58 (console) character file.

Game seed: 17031513581483574187

51 Lexodia the Ducker (level 3, -3/29 HPs)
             Began as a Minotaur Archaeologist on July 3, 2019.
             Slain by Crazy Yiuf
             ... wielding a +4 quarterstaff of chaos
              (11 damage)
             ... on level 2 of the Dungeon.
             The game lasted 00:01:52 (1366 turns).

Lexodia the Ducker (Minotaur Archaeologist)         Turns: 1366, Time: 00:01:53

Health: -3/29      AC:  8    Str: 16    XL:     3   Next: 57%
Magic:  2/2        EV: 13    Int: 11    God:
Gold:   169        SH:  0    Dex:  8    Spells: 2/2 levels left

rFire    . . .     SeeInvis .   k - +0 dagger
rCold    . . .     Gourm    .   (no shield)
rNeg     . . .     Faith    .   a - +1 robe
rPois    .         Spirit   .   b - +1 hat
rElec    .         Reflect  .   (no cloak)
rCorr    .         Harm     .   d - +1 pair of gloves
MR       .....                  c - +1 pair of boots
Stlth    ++........             (no amulet)
HPRegen  0.09/turn              (no ring)
MPRegen  0.08/turn              (no ring)

@: lethally poisoned (-3 -> -9), hasted, studying Bows, very quick
A: retaliatory headbutt, horns 2
a: no special abilities


You were on level 2 of the Dungeon.
You were hungry.

You visited 1 branch of the dungeon, and saw 2 of its levels.

You collected 169 gold pieces.

Inventory:

Hand Weapons
 k - a +0 dagger (weapon)
Armour
 a - a +1 robe (worn)
 b - a +1 hat (worn)
 c - a +1 pair of boots (worn)
 d - a +1 pair of gloves (worn)
Scrolls
 h - 5 scrolls of identify {unknown}
 j - 2 scrolls of teleportation {unknown}
 l - a scroll of remove curse {unknown}
 q - a scroll of fear {unknown}
Potions
 i - a potion of mutation {unknown}
 m - a potion of cancellation {unknown}
 n - 2 potions of haste {unknown}
 p - a potion of heal wounds {unknown}
Books
 e - a manual of Bows
Miscellaneous
 f - an ancient crate
Comestibles
 g - 9 rations {!d}


   Skills:
 + Level 2.2 Fighting
 * Level 1.2 Bows
 * Level 2.6 Armour
 + Level 3.7 Dodging
 - Level 2.6 Stealth


You had 2 spell levels left.
You didn't know any spells.
Your spell library was empty.

Dungeon Overview and Level Annotations

Branches:
Dungeon (2/12)

Altars:
Gozag

Annotations:
D:2 Crazy Yiuf


Innate Abilities, Weirdness & Mutations

You reflexively headbutt those who attack you in melee.
You have a pair of horns on your head.


Message History

You are poisoned.
You see here a mace.
You closely miss Crazy Yiuf.
You feel sick.
Crazy Yiuf twirls on the spot.
Crazy Yiuf closely misses you.
You hit Crazy Yiuf but do no damage.
You feel sick.
Crazy Yiuf says, "Lay head sanguine!"
Crazy Yiuf hits you with a +4 quarterstaff of chaos!
You feel yourself speed up.
You hit Crazy Yiuf but do no damage.
Crazy Yiuf says, "Line!
Nubble bag return to song."
Crazy Yiuf barely misses you.
You hit Crazy Yiuf but do no damage. You headbutt Crazy Yiuf.
Crazy Yiuf is lightly wounded.
You feel sick.
You barely miss Crazy Yiuf. Your headbutt misses Crazy Yiuf.
Crazy Yiuf is lightly wounded.
Crazy Yiuf yells, "Cards!
Mama water horse."
Crazy Yiuf hits you with a +4 quarterstaff of chaos!
You die...

.#### #.# #......#
.# #.# #.###### .#
#.# #.# #######
.########### ### ###
#...... .#.........#
#...... ...#########
♣♣♣♣♣#######. .###
#####♣♣♣)♣))#)......
.#
#)))#♣))♣)))))).###.
.# #.g@')♣♣♣♣♣)))..#
#> ## #)))#♣♣
♣)#))####. #####
♣♣######.. ###....
#...... ### ###
########.### #.# #.#
#.#..###.### #.#
#.###.#.....<... #.#
#.............##


You could see Crazy Yiuf.

Vanquished Creatures
  A worm (D:1)
  A dart slug (D:2)
  2 leopard geckos
  A ball python (D:2)
  5 bats
  A giant cockroach (D:1)
  4 hobgoblins
  9 kobolds
  3 quokkas (D:2)
  5 frilled lizards
  5 goblins
  6 rats
43 creatures vanquished.

Notes
Turn   | Place    | Note
-------+----------+-------------------------------------------
     0 | D:1      | Lexodia the Minotaur Archaeologist began the quest for the
                  | Orb.
     0 | D:1      | Reached XP level 1. HP: 16/16 MP: 0/0
    53 | D:1      | Reached skill level 1 in Armour
    99 | D:1      | Reached XP level 2. HP: 23/23 MP: 1/1
   640 | D:2      | Reached XP level 3. HP: 23/29 MP: 2/2
   848 | D:2      | Found a runed door.
   946 | D:2      | Reached skill level 1 in Bows
  1131 | D:2      | Found an opulent altar of Gozag.
  1359 | D:2      | Noticed Crazy Yiuf
  1366 | D:2      | Slain by Crazy Yiuf

Skill      XL: |  1  2  3 |
---------------+----------+-----
Armour         | 1 2 |  2.6
Fighting       | 2 |  2.2
Bows           | 1 |  1.2
Dodging        | |  3.7
Stealth        | |  2.6

Action                   || total
-------------------------++-------
Melee: Unarmed           ||    34
       Headbutt          ||    13
       Dagger            ||   101
 Stab: Sleeping          ||     6
  Eat: Chunk             ||     1
Armor: Robe              ||    55
Dodge: Dodged            ||   108
